 Dungeon Crawl Stone Soup version 0.26-a0-708-g17f3b190f9 (webtiles) character file.

Game seed: 13487768740989091532

2155 lunkers the Spear-Bearer (level 9, -5/72 HPs)
             Began as a Merfolk Gladiator on Oct 30, 2020.
             Was a Believer of Okawaru.
             Slain by an orc warrior
             ... wielding a +2 dire flail of protection
              (20 damage)
             ... on level 6 of the Dungeon.
             The game lasted 00:10:44 (6623 turns).

lunkers the Spear-Bearer (Merfolk Gladiator)        Turns: 6623, Time: 00:10:45

Health: -5/72      AC:  7    Str: 14    XL:     9   Next: 31%
Magic:  10/11      EV: 19    Int:  8    God:    Okawaru [**....]
Gold:   314        SH:  6    Dex: 18    Spells: 8/8 levels left

rFire    x . .     SeeInvis .   a - +1 trident
rCold    + . .     Faith    .   t - +0 buckler
rNeg     . . .     Spirit   .   i - +0 ring mail
rPois    .         Reflect  .   c - +0 helmet
rElec    .         Harm     .   (no cloak)
rCorr    .         Rampage  .   (no gloves)
MR       .....                  (no boots)
Stlth    ++........             (no amulet)
HPRegen  0.22/turn              o - ring of ice
MPRegen  0.12/turn              (no ring)

@: heroism
A: change form in water, swift swim, stealthy swim
a: Heroism, Renounce Religion


You were on level 6 of the Dungeon.
You worshipped Okawaru.
Okawaru was pleased with you.
You visited 2 branches of the dungeon, and saw 7 of its levels.

You collected 314 gold pieces.

Inventory:

Hand Weapons
 a - a +1 trident (weapon)
Missiles
 d - 2 throwing nets {=f}
Armour
 c - a +0 helmet (worn)
 i - a +0 ring mail (worn)
 t - a +0 buckler (worn)
Jewellery
 l - an uncursed amulet of magic regeneration
 o - a ring of ice (left hand)
Scrolls
 e - a scroll of amnesia
 g - 3 scrolls of fog
 q - 5 scrolls of remove curse
 r - a scroll of teleportation {unknown}
 v - a scroll of identify
 w - 2 scrolls of enchant armour {unknown}
Potions
 b - a potion of ambrosia
 f - a potion of magic {unknown}
 h - 2 potions of heal wounds {unknown}
 j - a potion of berserk rage {unknown}
 k - a potion of resistance {unknown}
 m - 2 potions of curing
 n - a potion of stabbing {unknown}
 p - a potion of lignification {unknown}
 s - a potion of cancellation {unknown}
 u - a potion of brilliance {unknown}


   Skills:
 + Level 7.0(12.0) Fighting
 * Level 12.7(17.7) Polearms
 - Level 2.0(7.0) Throwing
 + Level 7.3(12.3) Dodging
 - Level 3.0 Invocations


You had 8 spell levels left.
You didn't know any spells.
Your spell library contained the following spells:

 Spells                   Type           Power        Failure   Level
 Summon Small Mammal      Summ           #...         63%         1
 Call Imp                 Summ           #.......     77%         2
 Call Canine Familiar     Summ           #.......     94%         3
 Summon Guardian Golem    Hex/Summ       #.......     94%         3
 Summon Ice Beast         Ice/Summ       #.......     100%        4
 Summon Lightning Spire   Summ/Air       #.......     100%        4


Dungeon Overview and Level Annotations

Branches:
Dungeon (6/15)             Temple (1/1) D:4

Altars:
Ashenzari
Cheibriados
Dithmenos
Elyvilon
Fedhas
Gozag
Kikubaaqudgha
Makhleb
Nemelex Xobeh
Okawaru
Qazlal
Ru
Sif Muna
Trog
Uskayaw
Vehumet
Wu Jian
Xom
Yredelemnul
Zin
The Shining One


Message History

The orc warrior is heavily wounded.
Attack whom?
Press: ? - help, Dir - move target cursor, f/p - orc warrior
Aim: an orc warrior, wielding a +2 dire flail of protection and wearing a +0 plate armour (heavily wounded)
You closely miss the orc warrior.
The orc warrior is heavily wounded.
The orc warrior hits you with a +2 dire flail of protection!
* * * LOW HITPOINT WARNING * * *
Attack whom?
Press: ? - help, Dir - move target cursor, f/p - orc warrior
Aim: an orc warrior, wielding a +2 dire flail of protection and wearing a +0 plate armour (heavily wounded)
You hit the orc warrior but do no damage.
The orc warrior is heavily wounded.
Attack whom?
Press: ? - help, Dir - move target cursor, f/p - orc warrior
Aim: an orc warrior, wielding a +2 dire flail of protection and wearing a +0 plate armour (heavily wounded)
You closely miss the orc warrior.
The orc warrior is heavily wounded.
The orc warrior hits you with a +2 dire flail of protection!!
You die...

#.# #.###.#.### #.#
#..# #.# #.##.#....
... ..... #.#
##.###...# ###.
..### #.#
#...###.## ### #.#
#.#....).# #.#
#...####)## ##.##
##.## #...#####.#
#...####.#
#)#.#....#
..#......# ...#.@.#
....#######.#####o#
...## #. #...# .###
# #S#.# ..# ...#.#
..# ##.##.# ..# ..
#.# .## ... ..# .#
##. ###


You could see an orc warrior.

Vanquished Creatures
  Pikel (D:4)
  Duvessa (D:5)
  An orc warrior (D:6)
  3 phantoms
  3 ogres
  A bullfrog (D:6)
  Dowan (D:5)
  2 scorpions
  A bullfrog zombie (D:6)
  A bullfrog skeleton (D:4)
  4 hounds
  4 orc priests (D:6)
  2 orc wizards (D:6)
  Ijyb (D:3)
  Natasha (twice) (D:2)
  3 worker ants
  A hound skeleton (D:6)
  Robin (D:2)
  A howler monkey skeleton (D:5)
  6 adders
  2 white imps (D:6)
  An ufetubus (D:5)
  An adder zombie (D:6)
  2 worms (D:4)
  5 dart slugs
  A leopard gecko (D:1)
  17 orcs
  9 giant cockroaches
  17 goblins
  13 hobgoblins
  2 quokkas (D:6)
  2 ball pythons
  8 bats
  7 frilled lizards
  7 kobolds
  A leopard gecko skeleton (D:5)
  7 rats
142 creatures vanquished.

Notes
Turn   | Place    | Note
-------+----------+-------------------------------------------
     0 | D:1      | lunkers the Merfolk Gladiator began the quest for the Orb.
     0 | D:1      | Reached XP level 1. HP: 16/16 MP: 1/1
   125 | D:1      | Reached XP level 2. HP: 11/23 MP: 2/2
   249 | D:1      | Reached skill level 5 in Polearms
   483 | D:1      | Reached XP level 3. HP: 24/28 MP: 3/3
  1071 | D:2      | Reached skill level 6 in Polearms
  1312 | D:2      | Noticed Robin
  1321 | D:2      | Killed Robin
  1321 | D:2      | Reached XP level 4. HP: 35/35 MP: 4/4
  1922 | D:2      | Noticed Natasha
  1932 | D:2      | Killed Natasha
  1932 | D:2      | Reached skill level 7 in Polearms
  1932 | D:2      | Reached XP level 5. HP: 37/41 MP: 5/5
  2097 | D:2      | Noticed Natasha
  2108 | D:2      | Killed Natasha
  2618 | D:3      | Noticed Ijyb
  2628 | D:3      | Killed Ijyb
  2929 | D:4      | Reached skill level 8 in Polearms
  2929 | D:4      | Reached XP level 6. HP: 44/48 MP: 6/6
  2988 | D:4      | Noticed a phantom
  3039 | D:4      | Killed a phantom
  3369 | D:4      | Reached skill level 9 in Polearms
  3450 | D:4      | Found a staircase to the Ecumenical Temple.
  3589 | Temple   | Entered the Ecumenical Temple
  3823 | Temple   | Became a worshipper of Warmaster Okawaru
  4089 | D:4      | Noticed Pikel
  4159 | D:4      | Killed Pikel
  4159 | D:4      | Reached * piety under Okawaru
  4159 | D:4      | Reached skill level 5 in Fighting
  4159 | D:4      | Reached skill level 10 in Polearms
  4159 | D:4      | Reached skill level 5 in Dodging
  4159 | D:4      | Reached XP level 7. HP: 13/56 MP: 6/8
  4159 | D:4      | Reached XP level 8. HP: 15/63 MP: 6/9
  4805 | D:5      | Entered Level 5 of the Dungeon
  4868 | D:5      | Noticed Duvessa
  4868 | D:5      | Noticed Dowan
  4886 | D:5      | Killed Duvessa
  4915 | D:5      | Killed Dowan
  4915 | D:5      | Reached skill level 11 in Polearms
  5329 | D:5      | Reached ** piety under Okawaru
  5875 | D:6      | Reached skill level 12 in Polearms
  5875 | D:6      | Reached XP level 9. HP: 71/71 MP: 11/11
  6623 | D:6      | Slain by an orc warrior

Illustrated notes

Levels and vault maps discovered:
D:1:      dpeg_arrival_shelter, layout_basic, hex_large, minmay_distorted
D:2:      layout_loops_cross, minmay_box_of_dots, uniq_natasha, uniq_robin
D:3:      layout_basic, kennysheep_minor_cross, uniq_ijyb
D:4:      layout_loops_corners, minmay_temple_entry_wispy,
          minmay_misc_feat_four_crosses, uniq_pikel
D:5:      layout_basic, uniq_duvessa
D:6:      layout_loops_ring
Temple:   compressed_dpeg_triangle_lava_temple

Skill      XL: |  1  2  3  4  5  6  7  8  9 |
---------------+----------------------------+-----
Polearms       | 5 6 7 8 10 12 | 12.7
Fighting       | 3 4 5 6 7 |  7.0
Dodging        | 5 6 7 |  7.3
Invocations    | 2 3 |  3.0
Throwing       | |  2.0

Action                   |  1- 3 |  4- 6 |  7- 9 || total
-------------------------+-------+-------+-------++-------
Melee: Trident           |   146 |   196 |   282 ||   624
Throw: Throwing net      |       |     1 |       ||     1
Invok: Heroism           |       |       |     3 ||     3
Evoke: Wand              |       |     4 |     2 ||     6
  Use: Scroll            |       |     6 |     2 ||     8
       Potion            |       |       |     1 ||     1
 Stab: Sleeping          |     2 |       |     1 ||     3
       Held in net/web   |       |     2 |       ||     2
Armor: Leather armour    |    25 |       |       ||    25
       Ring mail         |    12 |    25 |    31 ||    68
Dodge: Dodged            |   101 |    63 |    76 ||   240
Block: Buckler           |       |    11 |    31 ||    42

Table legend: (Time is in decaauts)
 A = Elapsed time spent in this place.
 B = Non-inter-level travel time spent in this place.
 C = Inter-level travel time spent in this place.
 D = Time resting spent in this place.
 E = Time spent auto-exploring this place.
 F = Levels seen in this place.
 G = Mean time per level.
                   A        B        C        D        E       F      G
               +--------+--------+--------+--------+--------+-----+--------+
         Total |   6527 |   6233 |    294 |     36 |   5193 |   7 |  932.4 |
       Dungeon |   6208 |   5963 |    245 |     36 |   4958 |   6 | 1034.7 |
        Temple |    319 |    270 |     49 |      0 |    235 |   1 |  319.0 |
               +--------+--------+--------+--------+--------+-----+--------+

Top non-repeatable levels by time:
     D:4: 1548 daAuts
     D:2: 1126 daAuts
     D:1: 1046 daAuts
     D:5: 1034 daAuts
     D:3: 746 daAuts
     D:6: 706 daAuts
  Temple: 319 daAuts
